Map: Cactus Valley LE (Void)

Players

aLive

  • Race: Terran Terran
  • Spawn Location: 5:00

INnoVation - Winner!

  • Race: Terran Terran
  • Spawn Location: 1:00

Event: IEM XI Katowice - World Championship 2017

VOD

Have the link to the VOD?

Description

Time

  • Played on: March 4, 2017, 10:35 a.m.
  • Length: 16:34

All games in this series

Show
View Real Time Build Order
Export as new Build Order

aLive Terran 

Build Orders: Reaper Expand, Bio Tank 

Get SALT Encoding   

  12  0:00  SCV  
  13  0:12  SCV  
  14  0:17  Supply Depot  
  14  0:24  SCV  
  15  0:29  Refinery  
  15  0:39  SCV  
  16  0:45  Barracks  
  16  0:51  SCV  
  17  1:03  SCV  
  18  1:15  SCV  
  19  1:33  Reaper, Orbital Command  
  20  1:45  Command Center  
  20  1:56  Factory  
  20  2:00  SCV  
  21  2:07  Barracks Reactor  
  21  2:12  Refinery, SCV  
  22  2:19  Supply Depot  
  22  2:24  SCV  
  23  2:41  SCV  
  24  2:48  Marine x2  
  25  2:51  Starport  
  25  2:53  SCV  
  26  2:59  Orbital Command  
  26  3:06  Cyclone  
  26  3:07  SCV  
  26  3:12  Marine x2  
  32  3:19  SCV  
  33  3:26  SCV  
  34  3:29  Medivac  
  34  3:32  SCV  
  34  3:33  Marine x2  
  39  3:38  SCV  
  39  3:39  Supply Depot  
  40  3:42  Factory Tech Lab  
  40  3:44  SCV  
  41  3:53  SCV  
  41  3:54  Marine x2  
  44  3:56  SCV  
  44  4:00  Viking  
  47  4:04  Siege Tank  
  50  4:11  Supply Depot, SCV x2  
  50  4:15  Marine x2  
  54  4:28  Barracks  
  53  4:33  Marine x2, Viking  
  57  4:39  Supply Depot  
  57  4:45  Barracks  
  57  4:46  SCV x2  
  57  4:47  Refinery  
  57  4:49  Refinery  
  58  4:56  Marine x2  
  60  5:03  Engineering Bay  
  60  5:05  Starport Reactor  
  60  5:06  SCV  
  60  5:07  SCV  
  62  5:13  Siege Tank  
  65  5:16  Barracks Tech Lab  
  65  5:19  SCV x2  
  65  5:20  Supply Depot  
  67  5:31  Marine x2  
  67  5:32  Terran Infantry Weapons Level 1  
  67  5:33  Barracks Tech Lab  
  69  5:36  Marine  
  69  5:37  Stimpack  
  69  5:41  SCV x2  
  72  5:47  Siege Tank, Medivac  
  77  5:52  Supply Depot  
  77  5:53  SCV  
  77  5:55  SCV, Medivac  
  81  6:00  Supply Depot  
  81  6:02  Supply Depot, Combat Shields  
  81  6:08  SCV x2  
  83  6:13  Marine  
  83  6:14  Marine x3  
  87  6:20  Supply Depot  
  87  6:22  Siege Tank  
  90  6:33  Marine x4  
  90  6:36  Medivac x2  
  100  6:50  Supply Depot  
  100  6:51  Marine x4  
  102  6:55  Siege Tank  
  102  7:12  Marine  
  102  7:13  Marine x3  
  100  7:20  Medivac x2  
  86  7:27  Command Center  
  86  7:29  Terran Infantry Armor Level 1  
  86  7:30  Marine x2, Siege Tank  
  86  7:36  Barracks  
  87  7:38  SCV, Barracks  
  87  7:39  SCV  
  87  7:40  Marine  
  87  7:42  Marine  
  91  7:48  Marine  
  92  7:52  Marine  
  92  7:58  Marine  
  94  8:00  Marine  
  93  8:06  Marine  
  93  8:09  Siege Tank, Medivac x2  
  93  8:10  Marine  
  102  8:16  Marine  
  82  8:27  SCV  
  82  8:28  Marine x2, SCV  
  82  8:30  Barracks Reactor x2  
  82  8:33  Marine  
  86  8:34  Armory  
  86  8:35  Engineering Bay  
  86  8:40  SCV x2, Barracks Reactor  
  88  8:41  Medivac x2  
  88  8:43  Orbital Command  
  88  8:48  Factory  
  92  8:52  SCV x2  
  92  8:55  Marine x3, Siege Tank  
  99  8:57  Refinery  
  99  9:00  Orbital Command  
  99  9:01  Refinery  
  100  9:04  SCV x2  
  100  9:07  Marine x2  
  100  9:08  Marine x2  
  105  9:18  Marine  
  105  9:19  Marine x4  
  105  9:23  Terran Infantry Weapons Level 2  
  110  9:28  Marine x4  
  113  9:35  SCV  
  113  9:36  Marine, SCV x2  
  116  9:47  Siege Tank  
  116  9:49  Siege Tank, SCV  
  116  9:50  SCV x2  
  124  9:56  Sensor Tower, Terran Vehicle Weapons Level 1  
  124  9:59  Terran Infantry Armor Level 2  
  124  10:06  Marine x7  
  130  10:07  Marine  
  130  10:08  Marine  
  129  10:23  Supply Depot  
  129  10:24  Marine x7  
  129  10:25  Supply Depot, Siege Tank  
  138  10:29  Siege Tank  
  141  10:36  Supply Depot  
  141  10:37  Supply Depot  
  141  10:42  Marine x6  
  141  10:44  Marine x3  
  147  10:59  Marine  
  151  11:09  Marine x8  
  142  11:15  Viking x2  
  142  11:16  Siege Tank x2  
  137  11:26  Marine x2  
  137  11:27  Marine x6  
  142  11:40  Supply Depot  
  142  11:41  Supply Depot  
  142  11:42  Terran Infantry Weapons Level 3  
  139  11:53  Medivac x2  
  138  12:09  Marine x9  
  147  12:22  Factory Tech Lab  
  147  12:26  Viking x2  
  149  12:31  Siege Tank  
  149  12:52  Marine x7  
  145  13:09  Marine x3  
  145  13:10  Marine x4  
  138  13:14  Siege Tank x2, Medivac x2  
  148  13:23  Terran Infantry Armor Level 3  
  130  13:52  Siege Tank x2, Medivac x2  
  130  13:53  Marine x8  
  139  14:12  Marine  
  139  14:13  Marine x8  
  132  14:28  Siege Tank x2  
  132  14:30  Marine  
  138  14:44  Marine  
  138  14:45  Marine x6  
  99  15:01  Marine  
  99  15:02  Marine x6  
  99  15:03  Marine  
  96  15:13  Marine  
  91  15:19  Marine x2, Siege Tank  
  91  15:20  Marine  
  97  15:23  Marine  
  97  15:24  Marine  
  98  15:32  Marine x4  
  102  15:37  Marine  
  102  15:38  Marine  
  102  15:50  Marine x4  
  98  15:57  Marine x2  
  98  15:58  Marine  
  98  16:00  Marine  
  96  16:05  Marine  
  96  16:09  Marine  
Show
View Real Time Build Order
Export as new Build Order

INnoVation Terran - Winner!

Build Orders: Cyclone Opening, Reaper Expand, Bio Tank 

Get SALT Encoding   

  12  0:00  SCV  
  13  0:12  SCV  
  14  0:17  Supply Depot  
  14  0:24  SCV  
  14  0:28  Refinery  
  15  0:38  SCV  
  16  0:44  Barracks  
  16  0:50  SCV  
  17  1:03  SCV  
  18  1:15  SCV  
  19  1:31  Reaper, Orbital Command  
  20  1:42  Command Center  
  20  1:52  Factory  
  20  1:56  SCV  
  21  2:04  Barracks Reactor  
  21  2:07  Refinery  
  21  2:08  SCV  
  21  2:13  Supply Depot  
  22  2:20  SCV  
  23  2:35  SCV  
  24  2:37  Cyclone  
  24  2:41  Marine x2  
  28  2:47  SCV  
  29  2:56  Starport  
  29  2:57  Orbital Command  
  29  2:59  SCV  
  29  3:02  Marine  
  31  3:09  Factory Tech Lab  
  31  3:12  SCV  
  32  3:22  Marine x2  
  32  3:24  SCV  
  32  3:25  SCV  
  36  3:31  Supply Depot  
  36  3:37  SCV  
  36  3:38  Raven, SCV  
  36  3:39  Marine  
  36  3:40  Marine  
  42  3:43  Factory Tech Lab  
  42  3:45  Refinery  
  42  3:50  SCV x2  
  42  3:55  Supply Depot  
  44  3:59  Marine  
  44  4:00  Marine  
  44  4:02  SCV x2  
  47  4:14  SCV  
  47  4:15  SCV  
  49  4:17  Supply Depot, Marine x2  
  49  4:21  Raven  
  53  4:26  SCV  
  53  4:27  SCV  
  55  4:31  Siege Tank  
  58  4:39  SCV x2  
  58  4:40  Marine x2  
  60  4:51  SCV x2  
  62  4:57  Command Center  
  62  5:03  SCV x2  
  62  5:06  Siege Tank  
  67  5:10  Supply Depot, Refinery  
  67  5:14  Supply Depot  
  67  5:15  SCV x2  
  67  5:17  Stimpack  
  69  5:27  SCV  
  70  5:29  Barracks  
  70  5:30  Barracks  
  70  5:32  SCV  
  71  5:38  Siege Tank  
  71  5:39  Marine, SCV  
  76  5:44  SCV  
  76  5:48  Viking x2  
  81  5:51  SCV  
  81  5:55  Supply Depot  
  81  5:56  SCV  
  83  5:59  Engineering Bay  
  83  6:01  Engineering Bay  
  83  6:03  SCV  
  84  6:08  Marine, SCV  
  84  6:09  Orbital Command  
  86  6:13  Siege Tank  
  88  6:18  SCV  
  88  6:20  Viking, SCV  
  88  6:25  Viking  
  94  6:28  Barracks Reactor x2  
  94  6:30  SCV  
  94  6:32  Orbital Command  
  95  6:33  SCV  
  95  6:34  Marine  
  95  6:39  Terran Infantry Armor Level 1, Terran Infantry Weapons Level 1  
  97  6:42  Supply Depot  
  96  6:48  SCV x2  
  96  6:51  Siege Tank  
  96  6:52  Marine  
  102  6:56  Supply Depot  
  102  7:00  Refinery, SCV x2  
  104  7:01  Refinery  
  104  7:09  Marine x4  
  104  7:10  Marine  
  104  7:14  Orbital Command  
  109  7:17  SCV  
  109  7:18  SCV  
  106  7:23  Siege Tank  
  106  7:27  Marine, Combat Shields  
  106  7:28  Marine x4  
  106  7:29  SCV  
  113  7:30  SCV  
  113  7:33  Armory  
  113  7:36  Medivac  
  112  7:40  SCV  
  112  7:41  Missile Turret  
  112  7:42  SCV x2  
  115  7:45  Marine  
  115  7:48  Sensor Tower  
  115  7:52  SCV  
  115  7:54  SCV x2  
  115  7:55  Siege Tank  
  115  7:56  Supply Depot  
  115  8:00  Marine x2  
  115  8:04  SCV  
  115  8:06  SCV x2  
  115  8:07  Marine x2, Refinery  
  115  8:08  Marine  
  120  8:16  SCV  
  120  8:18  Marine x2, SCV x2  
  122  8:25  Marine x3  
  122  8:26  Medivac x2  
  128  8:28  SCV  
  128  8:30  SCV x2  
  128  8:34  Terran Infantry Weapons Level 2  
  131  8:35  Supply Depot  
  131  8:36  Marine x2  
  131  8:40  SCV  
  133  8:42  Terran Infantry Armor Level 2  
  133  8:44  Barracks  
  133  8:45  Barracks  
  133  8:49  Missile Turret  
  133  8:51  Terran Vehicle Weapons Level 1  
  133  8:53  Supply Depot  
  133  8:54  Supply Depot  
  133  8:56  Marine x4, Siege Tank  
  133  9:02  Marine  
  141  9:04  Sensor Tower  
  141  9:07  Supply Depot  
  141  9:14  Marine  
  141  9:15  Marine x3, Medivac x2  
  148  9:18  Supply Depot x2  
  148  9:20  Marine  
  149  9:24  Factory  
  149  9:27  Missile Turret  
  149  9:29  Siege Tank  
  152  9:32  Marine x4, Barracks Reactor  
  152  9:34  Barracks Reactor  
  152  9:35  Barracks  
  154  9:38  Supply Depot  
  154  9:39  Barracks  
  154  9:42  Marine  
  154  9:45  Medivac x2  
  159  9:50  Marine x4  
  161  9:56  Command Center  
  161  9:59  Supply Depot  
  161  10:00  Marine  
  161  10:07  Marine, Factory Tech Lab, Siege Tank  
  161  10:08  Marine  
  161  10:09  Marine x2  
  161  10:10  Marine x4  
  172  10:17  Medivac x2  
  172  10:18  Marine  
  175  10:22  Barracks Reactor  
  175  10:25  Marine  
  175  10:26  Marine, Supply Depot  
  175  10:27  Barracks Reactor  
  175  10:28  Siege Tank  
  178  10:35  Marine x4  
  179  10:39  Siege Tank  
  180  10:47  Marine x5, Medivac x2  
  189  10:52  Marine x2  
  189  10:53  Marine x2  
  192  11:07  Siege Tank  
  192  11:08  Marine x3  
  192  11:09  Marine x4  
  187  11:11  Siege Tank  
  187  11:12  Marine x2  
  187  11:17  Medivac x2  
  194  11:30  Terran Infantry Weapons Level 3  
  194  11:33  Terran Infantry Armor Level 3  
  194  11:41  Marine x6  
  194  11:42  Refinery x2  
  200  11:53  Siege Tank x2  
  200  11:58  Planetary Fortress  
  198  12:08  Marine x2  
  198  12:18  Medivac  
  198  12:19  Terran Vehicle Weapons Level 2  
  200  12:29  Command Center  
  200  12:34  Missile Turret x2  
  198  12:40  Siege Tank  
  198  12:42  Marine x2  
  196  12:44  Marine, Medivac  
  196  12:45  Marine x6  
  196  12:47  Marine  
  196  12:48  Marine, Medivac  
  189  13:05  Marine x2  
  180  13:06  Marine x3  
  180  13:07  Marine x2  
  180  13:09  Marine x2  
  180  13:10  Marine  
  180  13:11  Marine  
  179  13:15  SCV  
  179  13:17  SCV  
  179  13:18  SCV  
  179  13:21  Sensor Tower  
  179  13:22  Marine  
  179  13:23  Marine  
  179  13:24  Marine x2  
  180  13:42  Marine x6  
  180  13:43  Marine x3  
  180  13:47  Marine, Viking x2  
  180  13:50  SCV x3  
  180  14:08  Marine  
  180  14:09  Marine  
  180  14:13  Marine x3  
  180  14:14  Marine x3  
  180  14:15  Marine x3  
  180  14:16  Siege Tank x2  
  160  14:26  Marine  
  160  14:27  Marine  
  157  14:31  Marine x3  
  157  14:32  Marine x3  
  157  14:33  Marine x3  
  164  14:44  Marine  
  164  14:45  Marine  
  163  14:49  Marine x2  
  165  14:56  Siege Tank  
  165  14:58  Marine x7  
  147  15:02  Marine  
  147  15:03  Marine  
  147  15:07  Marine x2  
  142  15:15  Marine  
  142  15:16  Marine x6  
  142  15:17  Siege Tank  
  142  15:19  Marine  
  142  15:21  Marine  
  151  15:24  Marine x2  
  153  15:33  Marine  
  153  15:34  Marine x6  
  153  15:56  Marine x11, Siege Tank x2  
  163  16:13  Marine, SCV  
  163  16:14  Marine x2, SCV  
  163  16:15  SCV  

Tags
 
Add a new tag
Caveats
  • Supply blocks, unpowered buildings, or Contaminate may cause inaccurate times.
  • Supply counts are checked every 10 seconds.